 Dungeon Crawl Stone Soup version 0.27.1-33-g824d729ab1 (webtiles) character file.

Game seed: 10902692982738616210

40 Grabarz the Stinger (level 3, -3/26 HPs)
             Began as a Draconian Venom Mage on Dec 12, 2021.
             Killed by nerve-wracking pain
             ... invoked by Grinder
              (13 damage)
             ... on level 3 of the Dungeon.
             The game lasted 00:14:49 (2445 turns).

Grabarz the Stinger (Draconian Venom Mage)          Turns: 2445, Time: 00:14:50

Health: -3/26      AC:  5    Str: 10    XL:     3   Next: 30%
Magic:  4/6        EV: 12    Int: 16    God:
Gold:   84         SH:  0    Dex: 11    Spells: 1/7 levels left

rFire    . . .     SeeInvis .   (no weapon)
rCold    . . .     Faith    .   (no shield)
rNeg     . . .     Spirit   .   (armour unavailable)
rPois    .         Reflect  .   (helmet restricted)
rElec    .         Harm     .   (no cloak)
rCorr    .         Rampage  .   (no gloves)
Will     .....                  (no boots)
Stlth    ++........             (no amulet)
HPRegen  0.08/turn              (no ring)
MPRegen  0.10/turn              (no ring)

@: no status effects
A: AC +5, unfitting armour, cold-blooded
a: no special abilities


You were on level 3 of the Dungeon.
You visited 1 branch of the dungeon, and saw 3 of its levels.

You collected 84 gold pieces.

Inventory:

Potions
 a - a potion of lignification
 d - a potion of haste
 e - a potion of brilliance
 g - a potion of curing {unknown}


   Skills:
 - Level 1.7 Dodging
 - Level 1.7 Stealth
 * Level 2.6 Spellcasting
 * Level 1.7 Transmutations
 * Level 3.6 Poison Magic


You had one spell level left.
You knew the following spells:

 Your Spells              Type           Power      Damage    Failure   Level
a - Sting                 Tmut/Pois      40%        1d5       6%          1
b - Poisonous Vapours     Pois/Air       14%        N/A       14%         2
c - Mephitic Cloud        Conj/Pois/Air  6%         N/A       34%         3

Your spell library contained the following spells:

 Spells                   Type           Power      Damage    Failure   Level
 Animate Skeleton         Necr           4%         N/A       21%         1
 Apportation              Tloc           4%         N/A       21%         1
 Corona                   Hex            2%         N/A       21%         1
 Summon Small Mammal      Summ           8%         N/A       21%         1
 Olgreb's Toxic Radiance  Pois           13%        N/A       38%         4


Dungeon Overview and Level Annotations

Branches:
Dungeon (3/15)

Altars:
Dithmenos

Annotations:
D:3 Grinder


Innate Abilities, Weirdness & Mutations

Your plain brown scales are hard. (AC +5)
You cannot fit into any form of body armour.
You are cold-blooded and may be slowed by cold attacks.


Message History

Aim: a hobgoblin, wielding a +0 mace (moderately wounded, poisoned, 71% to hit)
The sting hits the hobgoblin.
The hobgoblin looks even sicker.
The hobgoblin is almost dead.
You kill the hobgoblin!
Magic restored.
Things that are here:
a +0 mace; a hobgoblin corpse Grinder comes into view.
Casting: Sting (safe; 6% risk of failure)
Confirm with . or Enter, or press ? or * to list all spells.
You can't see any susceptible monsters within range! (Use Z to cast anyway.)
Press: ? - help, v - describe, . - travel The floor.
Unknown command.
Casting: Sting (safe; 6% risk of failure)
Confirm with . or Enter, or press ? or * to list all spells.
You can't see any susceptible monsters within range! (Use Z to cast anyway.)
Aiming: Sting (safe; 6% risk of failure)
Press: ? - help, Q - select action, (/) - cycle Shift-Dir - straight line, f - Grinder
Aim: Grinder (68% to hit)
The sting hits Grinder.
Grinder partially resists.
Grinder is lightly wounded.
Grinder gestures at you. Pain shoots through your body!
A kobold comes into view. It is wielding a +0 short sword.
You hit Grinder.
Grinder is lightly wounded.
The kobold shouts!
An ufetubus comes into view.
Grinder barely misses you.
Aiming: Sting (safe; 6% risk of failure)
Press: ? - help, Q - select action, (/) - cycle Shift-Dir - straight line, f/p - Grinder
Aim: Grinder (lightly wounded, 68% to hit)
The sting hits Grinder.
Grinder is poisoned.
Grinder is lightly wounded.
Grinder hits you.
You writhe in agony.
Grinder gestures at you. Pain shoots through your body!
Ouch! That really hurt!
You die...

# ######
##.#########
#.....
##.....@....#
###.##
#......####.#
#<## #....5.#
#.# ####
#.K....# #.# #
.5...####
#.############
.##.#
#.##..........
#.
#.##..........
.
#.##..........
.
#.##..........


You could see Grinder (poisoned), an ufetubus and a kobold.

Vanquished Creatures
  An adder (D:2)
  A dart slug (D:1)
  An endoplasm (D:1)
  A giant cockroach (D:2)
  3 hobgoblins
  4 ball pythons
  4 bats (D:1)
  3 frilled lizards
  3 goblins (D:1)
  6 kobolds
  4 rats
31 creatures vanquished.

Notes
Turn   | Place    | Note
-------+----------+-------------------------------------------
     0 | D:1      | Grabarz the Draconian Venom Mage began the quest for the
                  | Orb.
     0 | D:1      | Reached XP level 1. HP: 14/14 MP: 3/3
   323 | D:1      | Reached XP level 2. HP: 19/20 MP: 1/5
   369 | D:1      | Learned a level 2 spell: Poisonous Vapours
   820 | D:1      | Found a faded altar of an unknown god.
  1468 | D:1      | You fall into a shaft and drop 1 floor!
  1709 | D:2      | Found a shadowy altar of Dithmenos.
  1797 | D:2      | Reached XP level 3. HP: 26/26 MP: 0/6
  1801 | D:2      | Learned a level 3 spell: Mephitic Cloud
  2439 | D:3      | Noticed Grinder
  2445 | D:3      | Killed from afar by Grinder

Illustrated notes

Levels and vault maps discovered:
D:1:      lightli_iron_boxes, layout_basic,
          shapermc_ecumenical_altar_totnotflames
D:2:      layout_rooms, basic_altar
D:3:      layout_basic, portal_sewer_entry_a, uniq_grinder

Action                   || total
-------------------------++-------
Melee: Unarmed           ||    16
 Cast: Sting             ||    26
       Poisonous Vapours ||    19
  Use: Scroll            ||     6
Armor: Skin              ||    15
Dodge: Dodged            ||    24
